Cogmind - Beta 9.6 @@@ ROGUE MODE // 2020.05.29 @ 17:46:18 Player: Finestep Result: Self-destructed Performance ------------- Evolutions (1) 500 Regions Visited (2) 400 Robots Destroyed (31) 155 Value Destroyed (661) 661 Prototype IDs (2) 40 Alien Tech Used (0) 0 Bonus (-54) -54 TOTAL SCORE: 1702 Bonus ------- Friendly Fire -54 Cogmind --------- Core Integrity 333/400 Matter 260/300 Energy 100/100 System Corruption 0% Temperature Cool (0) Movement Core (700) Ox13 Location -9/Materials Parts ------- > --- POWER (1) -------- (None) > --- PROPULSION (3) --- (None) > --- UTILITY (3) ------ Medium Storage Unit Large Storage Unit Large Storage Unit > --- WEAPON (2) ------- Small Laser > --- INVENTORY (20) --- Reinforced Fission Core Advanced Myomer Leg Advanced Myomer Leg Experimental Heat Sink Small Storage Unit Utility Shielding Small Laser Faulty Improved Assault Rifle Grenade Launcher Datajack Mining Laser Peak State ------------ > --- POWER ------------ Light Ion Engine > --- PROPULSION ------- Wheel Wheel > --- UTILITY ---------- Medium Storage Unit Large Storage Unit Large Storage Unit > --- WEAPON ----------- Small Laser Light Assault Rifle > --- INVENTORY -------- Reinforced Fission Core Advanced Myomer Leg Advanced Myomer Leg Experimental Heat Sink Small Storage Unit Small Laser Grenade Launcher Mining Laser [Rating: 11] Favorites ----------- Power Ion Engine Engine Ion Engine Propulsion Light Treads Treads Light Treads Wheel Wheel Utility Large Storage Unit Storage Large Storage Unit Weapon Light Assault Rifle Energy Gun Small Laser Ballistic Gun Light Assault Rifle Launcher Grenade Launcher Special Weapon Mining Laser Build | -11 -10 -9 ------- Run | Scr Mat Mat Slots Evolved 2 | . . 2 Power . | . . . Propulsion 1 | . . 1 Utility 1 | . . 1 Weapon . | . . . Parts Attached 32 | 6 23 3 Power 3 | 1 2 . Engine 3 | 1 2 . Core . | . . . Reactor . | . . . Propulsion 8 | 2 6 . Treads 4 | 1 3 . Leg . | . . . Wheel 4 | 1 3 . Hover . | . . . Flight . | . . . Utility 5 | 1 3 1 Device . | . . . Storage 5 | 1 3 1 Processor . | . . . Hackware . | . . . Protection . | . . . Artifact . | . . . Weapon 16 | 2 12 2 Energy Gun 7 | . 5 2 Energy Cannon . | . . . Ballistic Gun 6 | 2 4 . Ballistic Cannon . | . . . Launcher 1 | . 1 . Special Weapon 2 | . 2 . Impact Weapon . | . . . Slashing Weapon . | . . . Piercing Weapon . | . . . Special Melee Weapon . | . . . Unidentified Prototypes . | . . . Parts Lost 13 | . 8 5 Power 2 | . 1 1 Propulsion 4 | . 2 2 Utility . | . . . Weapon 7 | . 5 2 Highest Loss Streak 5 | . 5 5 Average Slot Usage (%) 78 | . 78 80 Engine 6 | . 6 8 Treads 11 | . 13 . Wheel 9 | . 8 19 Storage 25 | . 23 33 Energy Gun 7 | . 6 10 Ballistic Gun 16 | . 17 9 Naked Turns . | . . . Heaviest Build 46 | 12 37 46 Greatest Support 40 | 16 40 20 Greatest Overweight (x) 2 | 2 1 2 Average Overweight (x) . | . . 2 Largest Inventory Capacity 20 | 6 16 20 Average Capacity 11 | 5 10 20 Most Carried 12 | 6 9 12 Average Carried 6 | 3 5 10 Final Capacity 20 | 6 16 20 Final Carried 11 | 6 9 11 Class Distribution -------------------- 74% | Mutant 22% | Scavenger-Mutant 3% | Hauler-Mutant Dominant Class ---------------- Mutant | -10/Materials Scavenger-Mutant | -9/Materials Resources | -11 -10 -9 ----------- Run | Scr Mat Mat Matter Collected 754 | 203 551 . Remotely . | . . . Salvage Created 864 | 70 703 91 Parts 58 | 6 46 6 Haulers Intercepted 1 | . 1 . Recyclers Shooed 3 | 1 2 . Parts Field Recycled . | . . . Retrieved Matter . | . . . Parts Self-Destructed . | . . . Prevented . | . . . Kills | -11 -10 -9 ------- Run | Scr Mat Mat Combat Hostiles Destroyed 24 | . 19 5 Melee 1 | . 1 . Guns 19 | . 14 5 AOE 4 | . 4 . Classes Destroyed 8 | 2 6 . Worker 1 | . 1 . Builder 2 | . 2 . Tunneler 1 | 1 . . Hauler 1 | . 1 . Recycler 1 | 1 . . Watcher 1 | . 1 . Swarmer 10 | . 6 4 Grunt 14 | . 13 1 Best Kill Streak 4 | 2 4 4 Combat Bots Only 4 | . 4 4 Max Kills in Single Turn 3 | 1 3 1 Gunslinging . | . . . Exploded 3 | . 3 . Melee 1 | . 1 . Uniques/NPCs Destroyed . | . . . Combat | -11 -10 -9 -------- Run | Scr Mat Mat Damage Taken 1457 | . 1144 313 Core 225 | . 158 67 Absorbed by Shields . | . . . Core Remaining (%) 68 | 100 36 . Volleys Fired 129 | 4 86 39 Largest 2 | 2 2 2 Hottest 100 | 40 100 70 Shots Fired 214 | 8 145 61 Gun 209 | 8 140 61 Cannon . | . . . Launcher 1 | . 1 . Special 4 | . 4 . Kinetic 149 | 8 113 28 Thermal 64 | . 31 33 Explosive 1 | . 1 . Electromagnetic . | . . . Robot Hit Streak 12 | 4 12 4 Robot Miss Streak 4 | 1 4 4 Penetration Max . | . . . Secondary Targets 1 | . 1 . Max Gunslinging Chain 1 | . 1 . Shots Hit Robots 139 | 6 98 35 Core Hits 57 | 3 46 8 Critical Hits 3 | . 2 1 Critical Kills . | . . . Critical Parts Destroyed 2 | . 1 1 Melee Attacks . | . . . Impact . | . . . Slashing . | . . . Piercing . | . . . Sneak Attacks . | . . . Combat Hostiles . | . . . Follow-up Attacks . | . . . Damage Inflicted 1581 | 69 1161 351 Guns 1371 | 69 951 351 Cannons . | . . . Explosions 201 | . 201 . Melee . | . . . Ramming 9 | . 9 . Kinetic 957 | 69 746 142 Thermal 414 | . 205 209 Explosive 201 | . 201 . Electromagnetic . | . . . Impact . | . . . Slashing . | . . . Piercing . | . . . Highest Corruption 18 | . 18 . Average Corruption 17 | . 17 . Corruption Purged . | . . . Effects 60 | . 60 . Message Errors 9 | . 9 . Matter Fused 10 | . 10 . Heat Flow Errors 7 | . 7 . Energy Discharges 3 | . 3 . Data Loss (minor) 3 | . 3 . Data Loss (major) 3 | . 3 . Misfires 3 | . 3 . Alerts 1 | . 1 . Misdirections 8 | . 8 . Targeting Errors 10 | . 10 . Weapon Failures 3 | . 3 . Overload Shots . | . . . Overflow Damage . | . . . Projectiles . | . . . Explosions . | . . . Melee . | . . . Knockbacks . | . . . Impact . | . . . Kinetic . | . . . Secondary . | . . . Self-Inflicted Damage . | . . . Shots . | . . . Rammed 3 | . 3 . Targets Rammed 4 | . 4 . Kicked . | . . . Crushed 1 | . 1 . Highest Temperature 250 | . 250 105 Average Temperature 55 | . 61 39 Received Heat Transfer 327 | . 273 54 Siege Activations . | . . . Robots Corrupted . | . . . Combat Hostiles . | . . . Parts Fried . | . . . Impact Corruptions . | . . . Robots Melted . | . . . Combat Hostiles . | . . . Parts Melted 2 | . 1 1 Heat Transferred 984 | . 474 510 Parts Sabotaged . | . . . Parts Stolen . | . . . Parts Stripped . | . . . Power Chain Reactions . | . . . Missiles Intercepted . | . . . Alert | -11 -10 -9 ------- Run | Scr Mat Mat Peak Influence 332 | 10 332 138 Average Influence 156 | 5 176 79 Maximum Alert Level 1 | . 1 . Low Security (%) 73 | 100 67 100 Level 1 26 | . 32 . Level 2 . | . . . Level 3 . | . . . Level 4 . | . . . Level 5 . | . . . High Security . | . . . Max Security . | . . . Squads Dispatched 7 | . 5 2 Investigation 2 | . 2 . Extermination . | . . . Reinforcement 5 | . 3 2 Assault . | . . . Garrison . | . . . Intercept . | . . . Construction Impeded . | . . . Haulers Reinforced . | . . . Stealth | -11 -10 -9 --------- Run | Scr Mat Mat Distress Signals 3 | . 1 2 Communications Jammed . | . . . Distress Signals . | . . . Times Spotted 40 | . 31 9 Peak Tracking Total 9 | . 5 9 Tactical Retreats 7 | . 6 1 Traps | -11 -10 -9 ------- Run | Scr Mat Mat Traps Triggered 4 | . 4 . Indirectly . | . . . Trap Hack Attempts . | . . . Triggered . | . . . Disarmed . | . . . Reprogrammed . | . . . Reused . | . . . Traps Extracted . | . . . Installed . | . . . Triggered . | . . . Machines | -11 -10 -9 ---------- Run | Scr Mat Mat Machines Disabled 3 | . 3 . Max in Single Turn 2 | . 2 . Machines Sabotaged . | . . . Garrisons Compromised . | . . . Overloaded Fab Kills . | . . . Fab Network Shutdowns . | . . . Hacking | -11 -10 -9 --------- Run | Scr Mat Mat Machines Accessed 4 | . 3 1 Terminals 3 | . 2 1 Fabricators . | . . . Repair Stations . | . . . Recycling Units 1 | . 1 . Scanalyzers . | . . . Garrison Access . | . . . Total Hacks 15 | . 13 2 Successful 7 | . 5 2 Failed 8 | . 8 . Catastrophic 2 | . 2 . Database Lockouts . | . . . Manual 10 | . 9 1 Terminals 12 | . 10 2 Fabricators . | . . . Repair Stations . | . . . Recycling Units 3 | . 3 . Scanalyzers . | . . . Garrison Access . | . . . Terminal Hacks 3 | . 2 1 Prototype ID Bank 1 | . 1 . Locate Traps 1 | . . 1 Zone Layout 1 | . 1 . Fabricator Hacks . | . . . Repair Station Hacks . | . . . Recycling Unit Hacks 1 | . 1 . Retrieve Components 1 | . 1 . Scanalyzer . | . . . Garrison Access Hacks . | . . . Unauthorized Hacks 3 | . 2 1 Terminals 3 | . 2 1 Track 1 | . . 1 Botnet 1 | . 1 . Operators 1 | . 1 . Fabricators . | . . . Repair Stations . | . . . Recycling Units . | . . . Scanalyzers . | . . . Garrison Access . | . . . Data Cores Recovered . | . . . Used . | . . . Hacking Detections 4 | . 3 1 Full Trace Events 1 | . 1 . Feedback Events . | . . . Feedback Blocked . | . . . Robot Schematics Acquired . | . . . Robots Built . | . . . Matter . | . . . Time . | . . . Total Robot Build Rating . | . . . Part Schematics Acquired . | . . . Parts Built . | . . . Matter . | . . . Time . | . . . Total Part Build Rating . | . . . Parts Repaired . | . . . Time . | . . . Parts Recycled . | . . . Recycled Matter . | . . . Retrieved Matter . | . . . Retrieved Components 10 | . 10 . Parts Scanalyzed . | . . . Part Schematics Acquired . | . . . Parts Damaged . | . . . Bothacking | -11 -10 -9 ------------ Run | Scr Mat Mat Used RIF Installer . | . . . Robots Hacked . | . . . Non-combat . | . . . Combat . | . . . Robot Hacks Applied . | . . . Relay Couplers Released . | . . . Robots Rewired . | . . . Allies Hacked . | . . . Hacks Repelled . | . . . Allies | -11 -10 -9 -------- Run | Scr Mat Mat Total Allies . | . . . Largest Group . | . . . Highest-Rated Group . | . . . Highest-Rated Ally . | . . . Total Orders . | . . . Ally Attacks . | . . . Total Damage . | . . . Kills . | . . . Allies Corrupted . | . . . Allies Melted . | . . . Intel | -11 -10 -9 ------- Run | Scr Mat Mat Robot Analysis Total . | . . . Derelict Logs Recovered . | . . . Drone Launches . | . . . Drone Recoveries . | . . . Exploration | -11 -10 -9 ------------- Run | Scr Mat Mat Turns Passed 1493 | 63 1227 203 Spaces Moved 834 | 40 692 102 Core 8 | 8 . . Treads 337 | . 337 . Legs . | . . . Wheels 489 | 32 355 102 Hover . | . . . Flight . | . . . Fastest Speed 50 | 50 90 100 Average Speed 125 | 92 131 100 Slowest Speed 180 | 150 180 100 Overloaded Moves . | . . . Propulsion Burnouts . | . . . Robots Hopped . | . . . Cave-ins Triggered 2 | . 2 . Exploration Rate (%) 37 | 4 91 17 Regions Visited 2 Branch Regions . Pre-discovered Areas . | . . . Known Exits Taken . | . . . Unknown Exits Taken 2 | 1 1 . Scrap Searched . | . . . Spaces Dug 1 | . 1 . Terrain Destroyed 56 | . 56 . Melee . | . . . Projectile 1 | . 1 . AOE 55 | . 55 . Actions | -11 -10 -9 --------- Run | Scr Mat Mat Total 1067 | 55 865 147 Wait 43 | . 43 . Move 832 | 39 691 102 Hop . | . . . Pick Up 18 | 6 9 3 Fast Attach 18 | 6 12 . Attach 6 | . 4 2 Detach 1 | . 1 . Swap 8 | . 7 1 Drop 8 | . 8 . Fire 129 | 4 86 39 Melee . | . . . Ram . | . . . Kick . | . . . Crush 4 | . 4 . Escape Stasis . | . . . Rewire . | . . . Trap . | . . . Miscellaneous . | . . . Route ------- -11/Scrapyard -10/Materials (discovered 5 exits: *Mat x3 / [*Min x2]) -9/Materials History --------- Turn | Location | Event 26 | -11/Scrapyard | Discovered new exit (range 14) 64 | -11/Scrapyard | Entered Materials 136 | -10/Materials | Met 8R-AWN 161 | -10/Materials | Attacked by 8R-AWN 172 | -10/Materials | Discovered new exit (range 6) 300 | -10/Materials | Discovered new exit (range 16) 316 | -10/Materials | Build established: Mutant 414 | -10/Materials | Discovered new exit (range 8) 434 | -10/Materials | Crushed by falling debris 434 | -10/Materials | System corruption reached 10% 452 | -10/Materials | Crushed by falling debris 483 | -10/Materials | Lost 5 parts (1p1n3w) 708 | -10/Materials | Discovered new exit (range 10) 1160 | -10/Materials | Core integrity fell below 50% 1263 | -10/Materials | Discovered new exit (range 8) 1291 | -10/Materials | Entered another Materials area 1291 | -9/Materials | Evolved 2 slots: Propulsion x1, Utility x1 1407 | -9/Materials | Build established: Scavenger-Mutant 1494 | -9/Materials | Self-destructed Last Messages --------------- 01414_ S-10 Pest suffers critical hit. 01414_ Destroyed Lgt. Ion Engine. 01445_ S-10 Pest destroyed. 01449_ Lgt. Ion Engine destroyed. 01450_ S-10 Pest destroyed. 01451_ Med. Laser destroyed. 01452_ Wheel destroyed. 01455_ W-16 Scout sends out distress signal. 01461_ S-10 Pest destroyed. 01466_ R-06 Scavenger collects Flight Unit. 01467_ S-10 Pest destroyed. 01469_ R-06 Scavenger collects Flight Unit. 01472_ Lgt. Assault Rifle destroyed. 01474_ R-06 Scavenger collects Flight Unit. 01478_ R-06 Scavenger collects Lgt. Assault Rifle. 01486_ Wheel destroyed. 01488_ G-34 Mercenary heat damages Aluminum Leg. 01488_ Heat Sink melted. 01488_ G-34 Mercenary destroyed. 01490_ R-06 Scavenger collects Aluminum Leg. Map ----- +----------------------------------------------------+ | ?????????????????????????????????????????????????? | | ?????????????????????????????????????????????????? | | ?????????????????????????????????????????????????? | | ?????????????????????????????????????????????????? | | ?????????????????????????????????????????????????? | | ?????????????????????????????????????????????????? | | ????????????? ??????????????????????????????????? | | ???????????? ??????????????????????????????????? | | ???????????? ???????????????????????????????????? | | ???????????? ???????????????????????????????????? | | ???????????? ???????????????????????????????????? | | ???????????? ????????????? ???????????????????? | | #######????? ?????????????? #??????????????????? | | #???## ?????????????? #??????????????????? | | """ +??? ?????????????# #??????????????????? | | """ #???# #?????????????# #??????????????????? | | """ #???# #?????????????# #??????????????????? | | w #?### ###???????????# #??????????????????? | | """ #?# #???????????# #??????????????????? | | """ ### #???????????# #??????????????????? | | """ + #???????????# #??????????????????? | | ### #???????????# #??????????????????? | | #######?# #???????????# #??????????????????? | | ????????###+####???#####+## ###????????????????? | | #####???# #???# ! # #????????????????? | | ! #???# " #???# @# #############+#??? | | #???# T ###?# ==[ %g% ??? | | #???# " + #?# == %#% ?? | | #???# # #?# =[[ r# g ?? | | #???# # #?# # [[[? | | #???######## #?######+# r [[ ? | | #####??????????# #??????# ^ [[ ? | | ????????######## ######## ##### #### ?? | | ????????# + #??????????????? | | ????????#! k # #########+###+#??????????????? | | ????????# """ # #???# #??????????????? | | ????????# """ + #???# #??????????????? | | ????????# """ #### #???# """ """ #??????????????? | | ????????# #??# ##### """ """ #??????????????? | | ????????########??# + """ """ #??????????????? | | ??????????????????#######^ #??????????????? | | ????????????????????????# #??????????????? | | ????????????????????????# #??????????????? | | ????????????????????????###########??????????????? | | | | | | | | | | | | | +----------------------------------------------------+ Best States ------------- Heat Dissipation 28 Energy Generation 10 Energy Capacity 250 Matter Stores 300 Matter Capacity 300 Sight Range 16 Terrain Scan Density 10 Evasion (%) 42 Recoil Reduction 2 Item Schematics ----------------- None Robot Schematics ------------------ None Fabricated ------------ Nothing Alien Tech Used ----------------- None Achievements -------------- None Challenges ------------ None Game ------ Seed TractorSpreadMegatreads Manual? 0 Play Time 00:12:45 Cumulative 379.6 hours Start 2020.05.29 @ 17:17:43 End 2020.05.29 @ 17:46:18 Sessions 1 Manual Loads 0 Difficulty Rogue Special Mode None Game No. 268 Rogue 268 Adventurer 0 Explorer 0 Win Type - Total 4 Types 4/0/0/0/0/0/0 Lore% 82 Gallery% 85 Achievement% 63 Wizard Run 0 Options --------- ASCII 0 Keyboard 0 Movement Mouse Keybinds 1 Fullscreen 2 Font 24/Smallcaps Map View 76x50 Tactical HUD 1 Map Filters NONE Filters NONE Steam 1 RUN: ef5664c1-274e-41ec-8e07-6ad31900a51e